 Dungeon Crawl Stone Soup version 0.28.0-43-g3370ac3207 (console) character file.

Game seed: 6843830994139244469

354 Zeor the Slasher (level 6, -9/48 HPs)
             Began as a Vine Stalker Berserker on Mar 14, 2022.
             Was a Believer of Trog.
             Mangled by an ogre
             ... wielding a +0 giant spiked club
              (20 damage)
             ... on level 3 of the Dungeon.
             The game lasted 00:06:04 (2455 turns).

Zeor the Slasher (Vine Stalker Berserker)           Turns: 2455, Time: 00:06:05

Health: -9/48      AC:  9    Str: 21    XL:     6   Next: 63%
Magic:  0/7        EV: 12    Int:  7    God:    Trog [**....]
Gold:   171        SH:  0    Dex: 14    Spells: 5/5 levels left

rFire   . . .      SeeInvis .   a - +0 falchion
rCold   . . .      Faith    .   (no shield)
rNeg    . . .      Spirit   +   c - +3 leather armour
rPois   .          Reflect  .   h - +1 helmet
rElec   .          Harm     .   (no cloak)
rCorr   .          Rampage  .   (no gloves)
Will    ++...                   k - +0 pair of boots
Stlth   ..........              (no amulet)
HPRegen 1.96/turn               (no ring)
MPRegen 0.10/turn               (no ring)

@: berserking, strong-willed, regenerating, very quick
A: fangs 2, regeneration 1, magic shield, antimagic bite, no potion heal 2
a: Renounce Religion, Berserk, Trog's Hand


You were on level 3 of the Dungeon.
You worshipped Trog.
Trog was pleased with you.
You visited 1 branch of the dungeon, and saw 3 of its levels.

You collected 171 gold pieces.

Inventory:

Hand Weapons
 a - a +0 falchion (weapon)
 l - a +2 vorpal spear
Missiles
 d - 7 bolts
Armour
 c - a +3 leather armour (worn)
 h - a +1 helmet (worn)
 k - a +0 pair of boots (worn)
Wands
 e - a wand of polymorph (2)
Scrolls
 f - a scroll of fog
Potions
 b - a potion of ambrosia {unknown}
 g - a potion of flight {unknown}
 i - a potion of invisibility {unknown}
 j - a potion of curing {unknown}


   Skills:
 + Level 3.6 Fighting
 * Level 5.5 Long Blades
 + Level 1.9 Armour
 + Level 2.3 Dodging


You had 5 spell levels left.
You didn't know any spells.
Your spell library was empty.

Dungeon Overview and Level Annotations

Branches:
Dungeon (3/15)

Altars:


Innate Abilities, Weirdness & Mutations

You have extremely sharp teeth.
Your natural rate of healing is unusually fast.
When hurt, damage is shared between your health and your magic reserves.
Your bite disrupts and absorbs the magic of your enemies.
Potions cannot restore your health.


Message History

You miss the adder.
The adder is moderately wounded.
You feel sick. The adder completely misses you.
You slash the adder!
You kill the adder!
Trog accepts your kill.
You feel sick.
You hit the ogre. You bite the ogre, but do no damage.
The ogre is moderately wounded.
You feel sick.
You are no longer poisoned.
The ogre hits you with a +0 giant spiked club!
You barely miss the ogre.
The ogre is moderately wounded.
Your skin crawls.
You feel strong-willed. The ogre closely misses you.
You hit the ogre but do no damage. You punch the ogre, but do no damage.
The ogre is moderately wounded.
The ogre completely misses you.
You hit the ogre. You bite the ogre. You drain its power.
You feel invigorated.
The ogre is heavily wounded.
The ogre closely misses you.
You hit the ogre.
The ogre is severely wounded.
The ogre hits you with a +0 giant spiked club!
You slash the ogre! You bite the ogre, but do no damage.
The ogre is almost dead.
A frilled lizard comes into view.
The frilled lizard hisses angrily.
You hit the ogre. Your bite misses the ogre.
The ogre is almost dead.
The ogre hits you with a +0 giant spiked club!!
Ouch! That really hurt!
* * * LOW HITPOINT WARNING * * *
A red film seems to cover your vision as you go berserk!
You feel yourself moving faster!
You feel mighty!
A quokka comes into view.
The ogre hits you with a +0 giant spiked club!!
You die...

▒≈≈≈∙ ▒≈≈∙∙∙
≈≈∙∙r ▒≈∙∙▒ ≈≈∙∙▒
≈∙∙∙▒ ▒▒▒≈∙∙∙▒
▒▒▒▒▒▒▒▒fOo∙∙∙▒
▒∙∙∙∙∙∙∙∙▒≈∙∙∙∙▒
∙∙▒▒▒▒▒∙▒▒≈≈∙∙∙∙∙
▒▒▒▒▒∙▒▒▒≈≈∙∙∙∙
▒∙∙∙∙∙∙∙▒▒≈≈l≈≈ ∙
▒∙▒▒▒∙▒▒▒ ▒▒▒▒▒
▒∙▒▒∙▒▒▒∙▒
▒∙∙∙∙∙∙▒∙▒ ▒
▒∙∙∙∙∙∙▒∙▒▒▒∙∙[∙


You could see an ogre, an orc, a quokka (wandering) and a frilled lizard.

Vanquished Creatures
  Sigmund (D:2)
  Natasha (thrice) (D:2)
  Robin (D:2)
  4 gnolls (D:2)
  2 adders
  A worm (D:2)
  A dart slug (D:1)
  4 ball pythons
  3 endoplasms (D:1)
  2 giant cockroaches (D:1)
  11 goblins
  8 hobgoblins
  2 jackals (D:2)
  2 kobolds (D:1)
  2 quokkas
  3 frilled lizards
  3 rats (D:1)
53 creatures vanquished.

Notes
Turn   | Place    | Note
-------+----------+-------------------------------------------
     0 | D:1      | Zeor the Vine Stalker Berserker began the quest for the
                  | Orb.
     0 | D:1      | Reached XP level 1. HP: 11/11 MP: 2/2
    71 | D:1      | Reached XP level 2. HP: 6/16 MP: 3/3
   314 | D:1      | Reached skill level 3 in Long Blades
   951 | D:1      | Reached XP level 3. HP: 19/20 MP: 4/4
  1253 | D:2      | Found a faded altar of an unknown god.
  1314 | D:2      | Noticed Natasha
  1324 | D:2      | Killed Natasha
  1564 | D:2      | Noticed Robin
  1571 | D:2      | Gained mutation: Your natural rate of healing is unusually
                  | fast. [Vine Stalker growth]
  1571 | D:2      | Reached XP level 4. HP: 24/24 MP: 5/5
  1576 | D:2      | Killed Robin
  1589 | D:2      | Reached ** piety under Trog
  1638 | D:2      | Noticed Sigmund
  1646 | D:2      | Killed Sigmund
  1647 | D:2      | Reached skill level 5 in Long Blades
  1647 | D:2      | Reached XP level 5. HP: 28/28 MP: 6/6
  1647 | D:2      | Reached XP level 6. HP: 32/32 MP: 7/7
  2117 | D:2      | Noticed Natasha
  2143 | D:2      | Killed Natasha
  2214 | D:2      | Noticed Natasha
  2227 | D:2      | Killed Natasha
  2455 | D:3      | Mangled by an ogre

Illustrated notes

Levels and vault maps discovered:
D:1:      heliophobic_arrival_ceremonial_halls, layout_basic,
          minmay_pentomino_o2
D:2:      layout_basic, nicolae_ecumenical_pavilion, minmay_indecisive_spiral,
          uniq_sigmund, uniq_robin, uniq_natasha
D:3:      layout_loops_ring, fedhas_altar_4, gup_sewer_entry_glass,
          kennysheep_potato

Skill      XL: |  1  2  3  4 |
---------------+-------------+-----
Long Blades    | 3 5 |  5.5
Fighting       | 3 |  3.6
Dodging        | 2 |  2.3
Armour         | |  1.9

Action                   |  1- 3 |  4- 6 || total
-------------------------+-------+-------++-------
Melee: Falchion          |    69 |    71 ||   140
       Bite              |    21 |    18 ||    39
       Unarmed           |       |    11 ||    11
       Punch             |       |     2 ||     2
Invok: Berserk           |     3 |     4 ||     7
       Trog's Hand       |       |     1 ||     1
  Use: Scroll            |     1 |     1 ||     2
 Stab: Sleeping          |     2 |       ||     2
Armor: Animal skin       |    14 |       ||    14
       Leather armour    |     8 |    17 ||    25
       Skin              |       |    12 ||    12
Dodge: Dodged            |    40 |    40 ||    80
